 Dungeon Crawl Stone Soup version 0.29.0-4-gdea44cf6ec (webtiles) character file.

Game seed: 2174558784687996579

93 qw the Chopper (level 4, 0/39 HPs)
             Began as a Minotaur Fighter on Sept 4, 2022.
             Slain by an orc priest
             ... wielding a +0 morningstar
              (7 damage)
             ... on level 3 of the Dungeon.
             The game lasted 00:00:56 (2407 turns).

qw the Chopper (Minotaur Fighter)                   Turns: 2407, Time: 00:00:57

Health: 0/39       AC:  8    Str: 22    XL:     4   Next: 37%
Magic:  3/3        EV:  9    Int:  5    God:
Gold:   121        SH:  4    Dex: 10    Spells: 3/3 levels left

rFire   . . .      SeeInvis .   Y - +1 war axe
rCold   . . .      Faith    .   c - +0 buckler
rNeg    . . .      Spirit   .   b - +0 scale mail
rPois   +          Reflect  .   (helmet restricted)
rElec   .          Harm     .   (no cloak)
rCorr   .          Rampage  .   i - +0 pair of gloves
Will    .....                   (no boots)
Stlth   ..........              (no amulet)
HPRegen 0.13/turn               f - ring of poison resistance
MPRegen 0.08/turn               (no ring)

@: no status effects
A: horns 2, retaliatory headbutt
a: no special abilities


You were on level 3 of the Dungeon.
You visited 1 branch of the dungeon, and saw 3 of its levels.

You collected 121 gold pieces.


Innate Abilities, Weirdness & Mutations

You have a pair of horns on your head.
You reflexively headbutt those who attack you in melee.


   Skills:
 - Level 3.6 Fighting
 + Level 5.5 Axes
 - Level 3.6 Armour
 - Level 1.0 Dodging
 - Level 3.6 Shields


You had 3 spell levels left.
You didn't know any spells.
Your spell library was empty.

Inventory:

Hand Weapons
 j - a +0 whip
 Y - a +1 war axe (weapon)
Armour
 b - a +0 scale mail (worn)
 c - a +0 buckler (worn)
 i - a +0 pair of gloves (worn)
Jewellery
 e - a ring of resist corrosion
 f - a ring of poison resistance (left hand)
Scrolls
 g - a scroll of blinking {unknown}
 k - 3 scrolls of identify
Potions
 a - 2 potions of curing
 d - 2 potions of might
 h - a potion of flight {unknown}
 l - a potion of brilliance {unknown}

Dungeon Overview and Level Annotations

Branches:
Dungeon (3/15)

Altars:


Message History

You slash the orc!
You kill the orc!
You closely miss the kobold.
You feel sick.
You are no longer poisoned.
The kobold hits you with a +0 club.
You hear some strange, mumbled words.
A puff of flame appears from out of thin air!
The puff of flame hits you!
You barely miss the orc priest. You barely miss the kobold.
The kobold hits you but does no damage.
The orc priest invokes the aid of Beogh against you.
Pain shoots through your body!
You hit the orc priest.
The orc priest is lightly wounded.
You hit the kobold.
You kill the kobold!
The orc priest closely misses you.
You hit the orc priest.
The orc priest is moderately wounded.
You hit something. You barely miss the worm. The orc priest barely misses you.
The worm bites you but does no damage.
You hit the orc priest.
The orc priest is heavily wounded.
You barely miss something. You hit the orc but do no damage.
You hit the orc wizard. You slash the worm!
The orc wizard hits you but does no damage.
The orc priest closely misses you. You furiously retaliate!
You headbutt the orc priest. The orc hits you but does no damage.
Something hits you but does no damage. The worm bites you!
You closely miss the orc priest.
The orc priest is severely wounded.
You hit the orc but do no damage. You closely miss the orc wizard.
You slash the worm! You miss something. You block the orc's attack.
Something hits you. The orc wizard closely misses you.
The orc priest hits you but does no damage.
The orc barely misses you.
The orc priest hits you with a +0 morningstar!
You die...

#.#.##..#.........
#.#.##.##.........
##.#.##.######.####
#.......# ##.# #..#....#
#..# #..####.## #.##
#...# #..# #.#
######.#!####.# #.#
......o@o.# #.####.#
)...>.)ow..##......#
>..)......?.#####..#####
............##.........#
............##.........#
............##.........#
..?.........##.........#
.....$....>.##.........#
#.........#


You could see a worm, an orc priest, an orc wizard and an orc.

Vanquished Creatures
  A gnoll (D:1)
  2 adders
  2 dart slugs
  3 orcs (D:3)
  4 bats
  3 endoplasms
  2 giant cockroaches
  6 goblins
  6 hobgoblins
  2 quokkas
  6 ball pythons
  2 frilled lizards (D:2)
  7 kobolds
  9 rats
55 creatures vanquished.

Notes
Turn   | Place    | Note
-------+----------+-------------------------------------------
     0 | D:1      | qw the Minotaur Fighter began the quest for the Orb.
     0 | D:1      | Reached XP level 1. HP: 19/19 MP: 0/0
     0 | D:1      | 0 ||| qw: Version: 0.1-a-103-gd6f5d3a
     0 | D:1      | 0 ||| qw: Game counter: 5544
     0 | D:1      | 0 ||| qw: Always use a shield: true
     0 | D:1      | 0 ||| qw: God list: Ru
     0 | D:1      | 0 ||| qw: Allow faded altars: false
     0 | D:1      | 0 ||| qw: Do Orc after D:15 true
     0 | D:1      | 0 ||| qw: Do second Lair branch before Depths: true
     0 | D:1      | 0 ||| qw: Lair rune preference: random
     0 | D:1      | 0 ||| qw: Plans: Normal
     0 | D:1      | 0 ||| PLANNING D:1-11
   142 | D:1      | 142 ||| Stepping ~*~*~tactically~*~*~ (hiding).
   149 | D:1      | Reached skill level 3 in Axes
   151 | D:1      | Reached XP level 2. HP: 26/26 MP: 1/1
   392 | D:1      | Reached skill level 4 in Axes
   580 | D:1      | 580 ||| Stepping ~*~*~tactically~*~*~ (stealth).
   621 | D:1      | 621 ||| Stepping ~*~*~tactically~*~*~ (stealth).
   709 | D:1      | Reached XP level 3. HP: 31/31 MP: 2/2
   962 | D:1      | Found a faded altar of an unknown god.
  1077 | D:1      | 1077 ||| UPGRADING to +0 pair of gloves.
  1082 | D:1      | 1082 ||| READING scroll labelled ZESO ZEATOASU.
  1083 | D:1      | 1083 ||| READING 2 scrolls labelled XIOWED OMEUJ.
  1184 | D:1      | 1184 ||| READING scroll labelled ZEFOHEBRIT.
  1185 | D:1      | 1185 ||| READING 2 scrolls labelled GEUL XEAZICA.
  1186 | D:1      | 1186 ||| READING 2 scrolls labelled VOULLUTAON.
  1187 | D:1      | 1187 ||| DROPPING scroll of silence.
  1188 | D:1      | 1188 ||| DROPPING scroll of noise.
  1189 | D:1      | 1189 ||| Stepping randomly (stuck).
  1190 | D:1      | 1190 ||| Stepping ~*~*~tactically~*~*~ (cloud).
  1194 | D:1      | HP: 7/31 [poisoned by you (poison gas)]
  1199 | D:1      | HP: 3/31 [poisoned by you (poison gas)]
  1497 | D:2      | 1497 ||| Stepping ~*~*~tactically~*~*~ (stealth).
  1501 | D:2      | 1501 ||| Stepping ~*~*~tactically~*~*~ (stealth).
  1502 | D:2      | 1502 ||| Stepping ~*~*~tactically~*~*~ (stealth).
  1503 | D:2      | 1503 ||| Stepping ~*~*~tactically~*~*~ (stealth).
  1539 | D:2      | 1539 ||| Stepping ~*~*~tactically~*~*~ (stealth).
  1550 | D:2      | 1550 ||| Stepping ~*~*~tactically~*~*~ (stealth).
  1648 | D:2      | Reached skill level 5 in Axes
  1827 | D:2      | 1827 ||| Stepping ~*~*~tactically~*~*~ (hiding).
  1833 | D:2      | Reached skill level 1 in Dodging
  2014 | D:2      | 2014 ||| UPGRADING to ring of poison resistance.
  2015 | D:2      | 2015 ||| READING scroll labelled ZEWEOGR ONOUNEUNO.
  2147 | D:2      | 2147 ||| READING scroll labelled XONUMM WYFU.
  2151 | D:2      | 2151 ||| READING scroll labelled QIFFEO SAMAEMN.
  2152 | D:2      | 2152 ||| READING 3 scrolls of identify.
  2152 | D:2      | 2152 ||| IDENTIFYING emerald potion
  2186 | D:3      | Reached XP level 4. HP: 39/39 MP: 3/3
  2406 | D:3      | HP: 9/39 [worm (9)]
  2407 | D:3      | Slain by an orc priest

Levels and vault maps discovered:
D:1:      lightli_arrival_lavapool, layout_basic, ebering_ecumenical_altar_box
D:2:      layout_basic
D:3:      layout_rooms

Skill      XL: |  1  2  3 |
---------------+----------+-----
Axes           | 3 4 5 |  5.5
Dodging        | 1 |  1.0
Fighting       | |  3.6
Armour         | |  3.6
Shields        | |  3.6

Action                   |  1- 3 |  4- 6 || total
-------------------------+-------+-------++-------
Melee: War axe           |    87 |    21 ||   108
       Headbutt          |    13 |     2 ||    15
  Use: Scroll            |     9 |       ||     9
Armor: Scale mail        |    32 |    10 ||    42
Dodge: Dodged            |    27 |    10 ||    37
Block: Buckler           |    11 |     5 ||    16

Table legend:
 A = Non-vault XP
 B = Vault XP
 C = Vault XP percentage of total XP
 D = Non-vault monster count
 E = Vault monster count
 F = Vault count percentage of total count
                 A         B        C        D         E       F
            +---------+---------+-------+---------+---------+-------
      Total |     134 |       0 |   0.0 |      55 |       0 |   0.0
            +---------+---------+-------+---------+---------+-------
        D:1 |      43 |       0 |   0.0 |      18 |       0 |   0.0
        D:2 |      51 |       0 |   0.0 |      22 |       0 |   0.0
        D:3 |      40 |       0 |   0.0 |      15 |       0 |   0.0
            +---------+---------+-------+---------+---------+-------
